 Dungeon Crawl Stone Soup version 0.32-a0-571-gec57dfcd37 (webtiles) character file.

Game seed: 9388246630709186001

91 hikkokomori the Chopper (level 4, -1/38 HPs)
             Began as a Mountain Dwarf Reaver on Mar 1, 2024.
             Slain by a kobold brigand
             ... wielding a +0 short sword of speed
              (7 damage)
             ... on level 3 of the Dungeon.
             The game lasted 00:04:12 (2031 turns).

hikkokomori the Chopper (Mountain Dwarf Reaver)     Turns: 2031, Time: 00:04:13

Health: -1/38      AC:  6    Str: 14    XL:     4   Next: 33%
Magic:  7/7        EV: 10    Int: 16    God:
Gold:   67         SH:  0    Dex:  8    Spells: 3/7 levels left

rFire   + . .        a - +0 hand axe
rCold   . . .        (no shield)
rNeg    . . .        n - +0 ring mail
rPois   .            c - +0 helmet
rElec   .            (no cloak)
rCorr   +            (no gloves)
SInv    .            (no boots)
Will    .....        (no amulet) Stlth
                     d - ring of resist corrosion
HPRegen 0.26/turn    o - ring of protection from fire
MPRegen 0.10/turn

%: no passive effects
@: lethally poisoned (-1 -> -3)
A: runic magic, artefact enchanting
a: no special abilities


You were on level 3 of the Dungeon.
You visited 1 branch of the dungeon, and saw 3 of its levels.

You collected 67 gold pieces.

Inventory:

Hand Weapons
 a - a +0 hand axe (weapon)
 p - a +0 war axe
Missiles
 k - 4 javelins
Armour
 b - a +0 leather armour
 c - a +0 helmet (worn)
 n - a +0 ring mail (worn)
Jewellery
 d - a ring of resist corrosion (left hand)
 o - a ring of protection from fire (right hand)
Scrolls
 f - a scroll of enchant armour {unknown}
 g - a scroll of identify {unknown}
 h - a scroll of noise {unknown}
 j - a scroll of acquirement {unknown}
 l - a scroll of amnesia {unknown}
 m - a scroll of teleportation {unknown}
 q - a scroll of brand weapon {unknown}
Potions
 e - a potion of berserk rage {unknown}
 i - 2 potions of haste {unknown}


   Skills:
 + Level 3.3 Fighting
 + Level 4.5 Axes
 - Level 1.3 Dodging
 - Level 2.0 Spellcasting
 - Level 3.0 Conjurations
 - Level 2.0 Necromancy


You had 3 spell levels left.
You knew the following spells:

 Your Spells              Type           Power      Damage    Failure   Level
a - Kiss of Death         Conj/Necr      36%        2d8       9%          1
b - Frozen Ramparts       Ice            2%         1d1       58%         3

Your spell library contained the following spells:

 Spells                   Type           Power      Damage    Failure   Level
 Momentum Strike          Conj/Tloc      12%        3d8       21%         2
 Hailstorm                Conj/Ice       6%         3d5       36%         3
 Leda's Liquefaction      Alch/Erth      0%         N/A       94%         4
 Petrify                  Alch/Erth      1%         N/A       94%         4
 Metabolic Englaciation   Hex/Ice        0%         N/A       100%        5
 Conjure Ball Lightning   Conj/Air       3%         3x3d6     100%        6
 Discord                  Hex            0%         N/A       100%        8
 Disjunction              Tloc           0%         N/A       100%        8


Dungeon Overview and Level Annotations

Branches:
Dungeon (3/15)

Altars:


Innate Abilities, Weirdness & Mutations

Your spellcasting is much less encumbered by armour.
You can use scrolls of enchantment on lesser artefacts.


Message History

A kobold brigand comes into view.
It is wielding a +0 short sword of speed and quivering poisoned darts.
The kobold brigand throws a poisoned dart.
The poisoned dart hits you!
You are poisoned.
You feel sick.
The kobold brigand throws a poisoned dart.
The poisoned dart hits you!
You are more poisoned.
You feel very sick.
You feel sick.
You feel sick.
You feel sick.
You feel sick.
You feel sick.
The kobold brigand throws a poisoned dart.
The poisoned dart hits you!
You are more poisoned.
You are too injured to fight recklessly!
You feel very sick.
The kobold brigand hits you with a +0 short sword of speed.
You barely miss the kobold brigand.
You feel sick.
The kobold brigand hits you with a +0 short sword of speed.
You hit the kobold brigand but do no damage.
You feel sick. The kobold brigand closely misses you.
The kobold brigand barely misses you.
You hit the kobold brigand.
The kobold brigand is lightly wounded.
You feel sick.
The kobold brigand hits you with a +0 short sword of speed.
You hit the kobold brigand but do no damage.
The kobold brigand is lightly wounded.
You feel sick. The kobold brigand barely misses you.
The kobold brigand hits you with a +0 short sword of speed!
* * * LOW HITPOINT WARNING * * *
You hit the kobold brigand.
The kobold brigand is lightly wounded.
You feel sick.
The kobold brigand hits you but does no damage.
The kobold brigand hits you with a +0 short sword of speed!
You die...

#..........
#..........
#..........
#..........
#..........
#..........
#.#<##+#+######
#.####........###
#........@K......
########.####.###
#.# #.# #.# #.#
#.# ..# ###


You could see a kobold brigand.

Vanquished Creatures
  4 adders (D:2)
  3 ball pythons
  4 bats
  4 endoplasms
  4 giant cockroaches
  6 hobgoblins
  6 jackals
  6 kobolds
  3 frilled lizards
  6 goblins
  4 rats
50 creatures vanquished.

Notes
Turn   | Place    | Note
-------+----------+-------------------------------------------
     0 | D:1      | hikkokomori the Mountain Dwarf Reaver began the quest for
                  | the Orb.
     0 | D:1      | Reached XP level 1. HP: 17/17 MP: 3/3
   109 | D:1      | Reached XP level 2. HP: 25/25 MP: 4/4
   333 | D:1      | Reached skill level 1 in Necromancy
   486 | D:1      | Reached skill level 4 in Axes
   523 | D:1      | Found a faded altar of an unknown god.
   982 | D:2      | Reached XP level 3. HP: 30/30 MP: 6/6
  1453 | D:2      | Reached XP level 4. HP: 28/38 MP: 7/7
  1457 | D:2      | Learned a level 3 spell: Frozen Ramparts
  2018 | D:3      | Noticed a kobold brigand
  2031 | D:3      | Slain by a kobold brigand

Illustrated notes

Levels and vault maps discovered:
D:1:      tarquinn_simple_flora_water_f, layout_loops_ring,
          hellmonk_ecumenical_altar_crossroads, nicolae_eternal_life
D:2:      layout_loops_corners, minmay_misc_feat_five, grunt_ministairs_8
D:3:      layout_basic

Skill      XL: |  1  2  3  4 |
---------------+-------------+-----
Spellcasting   | 2 |  2.0
Necromancy     | 1 2 |  2.0
Axes           | 4 |  4.5
Conjurations   | 3 |  3.0
Fighting       | 3 |  3.3
Dodging        | |  1.3

Action                     |  1- 3 |  4- 6 || total
---------------------------+-------+-------++-------
  Melee: Hand axe          |   160 |    56 ||   216
 Armour: Leather armour    |    85 |       ||    85
         Ring mail         |    45 |    56 ||   101
  Dodge: Dodged            |    99 |    30 ||   129

Table legend: (Time is in decaauts)
 A = Elapsed time spent in this place.
 B = Non-inter-level travel time spent in this place.
 C = Inter-level travel time spent in this place.
 D = Time resting spent in this place.
 E = Time spent auto-exploring this place.
 F = Levels seen in this place.
 G = Mean time per level.
                   A        B        C        D        E       F      G
               +--------+--------+--------+--------+--------+-----+--------+
         Total |   2050 |   1977 |     73 |      0 |   1546 |   3 |  683.3 |
       Dungeon |   2050 |   1977 |     73 |      0 |   1546 |   3 |  683.3 |
               +--------+--------+--------+--------+--------+-----+--------+

Top non-repeatable levels by time:
     D:2: 1112 daAuts
     D:1: 914 daAuts
     D:3: 24 daAuts
